 Dungeon Crawl Stone Soup version 0.17.0-28-g6e173f8 (webtiles) character file.

63231 Eptagon the Black Belt (level 15, -1/109 HPs)
             Began as an Octopode Monk on Dec 1, 2015.
             Was the Champion of Okawaru.
             Slain by an elephant (18 damage)
             ... on level 8 of the Lair of Beasts.
             The game lasted 00:53:25 (27015 turns).

Eptagon the Black Belt (Octopode Monk)             Turns: 27015, Time: 00:53:25

Health: -1/109     AC: 12    Str: 14    XL:     15   Next: 9%
Magic:  10/15      EV: 33    Int: 17    God:    Okawaru [******]
Gold:   847        SH:  8    Dex: 20    Spells: 2 memorised, 3 levels left

rFire  + . .     SeeInvis .       - Unarmed
rCold  + . .     Clarity  .     I - +2 buckler {AC+3}
rNeg   + + .     SustAt   .     H - +2 hat {rF+}
rPois  .         Gourm    .     (no amulet)
rElec  .         Spirit   .     s - ring of positive energy
rCorr  .         Warding  .     u - +5 ring of evasion
rMut   .         Stasis   .     w - +1 ring of slaying
MR     +....                    p - +3 ring of strength (curse)
Stlth  ++++++....               o - +4 ring of intelligence
                                M - ring of wizardry
                                R - ring of protection from cold
                                Q - ring of positive energy

@: icy armour, heroism, somewhat resistant to hostile enchantments, very
stealthy
A: almost no armour, amphibious, 8 rings, constrict 8, camouflage 1, gelatinous
body 1
a: Heroism, Finesse, Renounce Religion


You were on level 8 of the Lair of Beasts.
You worshipped Okawaru.
Okawaru was exalted by your worship.
You were not hungry.

You visited 2 branches of the dungeon, and saw 19 of its levels.
You also visited: Ice Cave and Volcano.

You collected 1245 gold pieces.
You spent 398 gold pieces at shops.

Inventory:

Hand Weapons
 a - a +3 blowgun
Missiles
 E - 56 poisoned needles
 F - 13 needles of slowing
 J - 7 needles of frenzy
 O - 3 needles of sleeping
Armour
 H - a +2 hat of fire resistance (worn)
 I - a +2 buckler of protection (worn)
 S - a +2 hat of cold resistance
Magical Staves
 c - an uncursed staff of wizardry
Jewellery
 o - a +4 ring of intelligence (on tentacle)
 p - a cursed +3 ring of strength (on tentacle)
 s - a ring of positive energy (left tentacle)
 u - a +5 ring of evasion (right tentacle)
 w - a +1 ring of slaying (on tentacle)
 M - a ring of wizardry (on tentacle)
 Q - a ring of positive energy (on tentacle)
 R - a ring of protection from cold (on tentacle)
Wands
 l - a wand of draining (8)
 G - a wand of lightning (11)
 K - a wand of cold (5)
 L - a wand of cold (5)
Scrolls
 i - 3 scrolls of teleportation
 j - 3 scrolls of magic mapping
 m - 3 scrolls of amnesia
 r - 9 scrolls of remove curse
 v - 8 scrolls of fog
 y - a scroll of recharging
 C - 2 scrolls of summoning
 N - a scroll of blinking
 V - a scroll of identify
Potions
 b - 3 potions of heal wounds
 e - 4 potions of resistance
 h - 6 potions of curing
 k - 3 potions of flight
 n - 3 potions of cure mutation
 q - 2 potions of haste
 t - 3 potions of agility
 A - 4 potions of brilliance
 B - 3 potions of berserk rage
 D - 2 potions of invisibility
 P - a potion of cancellation
Miscellaneous
 U - a stone of tremors
Comestibles
 d - 10 meat rations
 f - 16 fruits
 g - a beef jerky
 x - 13 bread rations
 z - 11 slices of pizza
 T - 17 chunks of flesh


   Skills:
 + Level 12.9(17.9) Fighting
 - Level 12.0(17.0) Dodging
 - Level 2.6(7.6) Stealth
 + Level 18.1(23.1) Unarmed Combat
 - Level 4.0 Charms
 - Level 4.0 Ice Magic


You had 3 spell levels left.
You knew the following spells:

 Your Spells              Type           Power        Failure   Level  Hunger
a - Ozocubu's Armour      Chrm/Ice       ##......     6%          3    ####...
b - Controlled Blink      Tloc           N/A          100%        8    #######


Dungeon Overview and Level Annotations

Branches:
Dungeon (11/15)            Temple (0/1) D:4            Lair (8/8) D:11
 Shoals (0/4) Lair:6       Spider (0/4) Lair:4        Slime (0/6) Lair:8
    Orc (0/4) D:11

Altars:
Ashenzari
Okawaru
The Shining One
Jiyva

Shops:
D:6 }=*   D:10 :   D:11 *


Innate Abilities, Weirdness & Mutations

You cannot wear most types of armour.
You are amphibious.
You can wear up to eight rings at the same time.
You can use your tentacles to constrict eight enemies at once.
Your skin changes colour to match your surroundings (Stealth).
Your rubbery body absorbs attacks (AC +1).


Message History

You bludgeon the polar bear!
You kill the polar bear!
Okawaru accepts your kill.
An elephant comes into view.
You gain the combat prowess of a mighty hero.
You feel slightly more hungry.
Cast which spell? (? or * to list)
A film of ice covers your body!
The elephant trumpets!
An elephant comes into view.
The elephant trumpets!
You bludgeon the elephant! You squeeze the elephant!
The elephant is moderately wounded.
The elephant tramples you!!
* * * LOW HITPOINT WARNING * * *
You stumble backwards!
You batter the elephant!! You squeeze the elephant!
The elephant is almost dead.
The elephant tramples you!!
You die...

.♣♣♣♣ ##.#.##...))P.......♣♣♣.
.♣#.###..P.#.÷.P.#P†..........
...#...PP..#)..PP.†...........
......P.....)P.PPP............
................PP...........P
.......................).....P
.PP....^...........†.)......P.
##...........P....)P†.†.......
##.##.........P.@.............
####...........Y.............
.#............†.........P.
#...........Y.............
P..........†.............
........................
.........P.Y...........
....PPP..P............
....PP...P.........##


You could see 3 elephants.

Vanquished Creatures
  Rupert (Lair:3)
  Snorg (Lair:5)
  Josephine (Lair:4)
  5 hydras
  8 death yaks
  The ghost of bezhaha the Basher, a novice OgCK of Xom (D:6)
  An unseen horror (D:11)
  A hill giant (D:11)
  A necromancer (IceCv)
  2 ugly things (D:11)
  An oklob plant (Lair:7)
  A cyclops (D:11)
  5 elephants (Lair:6)
  The ghost of R18 the Spear-Bearer, a novice OpGl (D:4)
  2 griffons
  Joseph (Lair:1)
  An ice statue (IceCv)
  6 black mambas
  9 spiny frogs
  A manticore (Lair:6)
  3 komodo dragons
  10 freezing wraiths (IceCv)
  3 trolls
  A wolf spider simulacrum (IceCv)
  A spriggan druid (Lair:8)
  6 fire drakes
  2 two-headed ogres
  Prince Ribbit (D:7)
  3 polar bears
  4 jumping spiders (Lair:4)
  22 blink frogs
  3 wyverns
  2 redbacks (Lair:8)
  5 spriggans
  6 wraiths
  5 fire bats
  7 hippogriffs
  2 basilisks
  Grum (Lair:1)
  39 yaks
  33 wolves
  2 hungry ghosts
  A death yak simulacrum (IceCv)
  14 water moccasins
  A hell hound (Volcano)
  12 porcupines
  Duvessa (D:5)
  An alligator simulacrum (IceCv)
  A spider (Lair:4)
  3 orc warriors
  A phantom (D:9)
  3 black bears
  3 sky beasts
  9 ice beasts
  2 wasps
  4 centaurs
  4 ogres
  2 big kobolds
  A gnoll sergeant (D:10)
  25 giant frogs
  A wyvern zombie (D:8)
  23 crocodiles
  A water moccasin skeleton (D:11)
  Dowan (D:5)
  4 scorpions
  2 electric eels (Lair:6)
  6 killer bees
  12 wights
  5 crimson imps
  3 giant frog zombies
  A wasp zombie (D:9)
  4 draconian simulacra (IceCv)
  10 hounds
  3 jellies
  8 orc wizards
  3 orc priests
  A spriggan simulacrum (IceCv)
  4 centaur skeletons
  10 worker ants
  Natasha (thrice) (D:2)
  15 iguanas
  3 troll simulacra (IceCv)
  13 sheep
  A polar bear simulacrum (IceCv)
  4 centaur simulacra (IceCv)
  A hound zombie (D:10)
  68 river rats
  5 ogre simulacra (IceCv)
  12 adders
  7 gnolls
  3 naga simulacra (IceCv)
  24 white imps
  2 shadow imps (D:9)
  3 oozes (D:2)
  An adder zombie (D:6)
  3 adder skeletons
  4 worms
  13 giant geckos
  23 orcs
  2 ball pythons
  6 giant cockroaches
  9 goblins
  9 hobgoblins
  13 jackals
  11 kobolds
  4 quokkas
  5 bats
  A giant gecko skeleton (D:8)
  A giant gecko zombie (D:6)
  19 giant newts
  A jackal skeleton (D:5)
  A jackal zombie (D:8)
  A quokka skeleton (D:6)
  9 rats
701 creatures vanquished.

Vanquished Creatures (others)
  A two-headed ogre (Volcano)
  A deep elf fighter (Volcano)
  2 orc warriors (Volcano)
  A centaur (Volcano)
  13 fungi
  16 plants
34 creatures vanquished.

Grand Total: 735 creatures vanquished

Notes
Turn   | Place    | Note
--------------------------------------------------------------
     0 | D:1      | Eptagon the Octopode Monk began the quest for the Orb.
     0 | D:1      | Reached XP level 1. HP: 16/16 MP: 1/1
   196 | D:1      | Reached XP level 2. HP: 21/21 MP: 2/2
   435 | D:1      | Reached XP level 3. HP: 24/26 MP: 3/3
   505 | D:1      | Reached skill level 5 in Unarmed Combat
  1048 | D:2      | Noticed Natasha
  1054 | D:2      | Killed Natasha
  1054 | D:2      | Reached XP level 4. HP: 17/31 MP: 4/4
  1639 | D:2      | Found an iron altar of Okawaru.
  1652 | D:2      | Became a worshipper of Warmaster Okawaru
  1652 | D:2      | Reached * piety under Okawaru
  1652 | D:2      | Reached ** piety under Okawaru
  1700 | D:2      | Reached skill level 6 in Unarmed Combat
  1804 | D:2      | Noticed Natasha
  1808 | D:2      | Killed Natasha
  1808 | D:2      | Reached XP level 5. HP: 15/36 MP: 5/5
  2107 | D:2      | Noticed Natasha
  2117 | D:2      | Killed Natasha
  3103 | D:4      | Reached skill level 7 in Unarmed Combat
  3260 | D:4      | Found a staircase to the Ecumenical Temple.
  3277 | D:4      | Reached XP level 6. HP: 28/42 MP: 6/6
  3403 | D:4      | Noticed R18's ghost (novice OpGl)
  3418 | D:4      | Killed R18's ghost
  3418 | D:4      | Reached *** piety under Okawaru
  3418 | D:4      | Reached skill level 8 in Unarmed Combat
  3418 | D:4      | Reached XP level 7. HP: 30/46 MP: 4/7
  3526 | D:4      | Found a glowing golden altar of the Shining One.
  3594 | D:4      | Reached skill level 9 in Unarmed Combat
  4211 | D:5      | Entered Level 5 of the Dungeon
  4228 | D:5      | Noticed Dowan
  4237 | D:5      | Killed Dowan
  4241 | D:5      | Noticed Duvessa
  4252 | D:5      | Killed Duvessa
  4622 | D:5      | Reached XP level 8. HP: 47/52 MP: 8/8
  5407 | D:6      | Found Zaugipni's Assorted Antiques.
  5428 | D:6      | Bought a scroll of identify for 66 gold pieces
  5428 | D:6      | Bought a scroll of identify for 66 gold pieces
  5428 | D:6      | Bought a ruby potion for 29 gold pieces
  5745 | D:6      | Reached skill level 10 in Unarmed Combat
  5749 | D:6      | Noticed bezhaha's ghost (novice OgCK)
  5837 | D:6      | Killed bezhaha's ghost
  5837 | D:6      | Reached **** piety under Okawaru
  5837 | D:6      | Reached skill level 5 in Fighting
  5837 | D:6      | Reached skill level 5 in Dodging
  5837 | D:6      | Reached XP level 9. HP: 32/61 MP: 7/9
  6054 | D:6      | Found Vepopsem's Gadget Shoppe.
  6140 | D:6      | Found Uhionogu's Jewellery Shoppe.
  6399 | D:6      | Found a shattered altar of Ashenzari.
  6659 | D:7      | Noticed Prince Ribbit
  6670 | D:7      | Killed Prince Ribbit
  6670 | D:7      | Reached skill level 11 in Unarmed Combat
  6901 | D:7      | Reached ***** piety under Okawaru
  8460 | D:8      | Reached XP level 10. HP: 69/69 MP: 10/10
  8733 | D:8      | Reached skill level 12 in Unarmed Combat
  9941 | D:9      | Received a gift from Okawaru
 11404 | D:10     | Entered Level 10 of the Dungeon
 11438 | D:10     | Reached skill level 13 in Unarmed Combat
 11442 | D:10     | Reached XP level 11. HP: 44/77 MP: 11/11
 11642 | D:10     | Found Sygiaz's Book Emporium.
 12314 | D:10     | Found a shattered altar of Ashenzari.
 13041 | D:11     | Noticed a hill giant
 13050 | D:11     | Killed a hill giant
 13050 | D:11     | Received a gift from Okawaru
 13051 | D:11     | Got a brightly glowing hat {god gift}
 13066 | D:11     | Found a staircase to the Orcish Mines.
 13092 | D:11     | Identified the +1 hat of Okawaru's Condemnation {MR+} (Okawaru gifted it to you on level 11 of the Dungeon)
 13123 | D:11     | Found Urafud's Assorted Antiques.
 13135 | D:11     | Bought a potion of curing for 72 gold pieces
 13135 | D:11     | Bought an orange potion for 21 gold pieces
 13135 | D:11     | Bought a scroll labeled WUGONLADIV for 24 gold pieces
 13135 | D:11     | Bought a scroll labeled NOIMUG GODUAJ for 24 gold pieces
 13135 | D:11     | Bought a short bone wand for 96 gold pieces
 13186 | D:11     | Killed an unseen horror
 13186 | D:11     | Reached skill level 14 in Unarmed Combat
 13687 | D:11     | Found a staircase to the Lair.
 14103 | Lair:1   | Entered Level 1 of the Lair of Beasts
 14115 | Lair:1   | Noticed a five-headed hydra
 14157 | Lair:1   | Killed a five-headed hydra
 14509 | Lair:1   | Reached XP level 12. HP: 64/85 MP: 12/12
 14731 | Lair:1   | Noticed Grum
 14861 | Lair:1   | Killed Grum
 14900 | Lair:1   | Noticed Joseph
 14911 | Lair:1   | Killed Joseph
 15294 | Lair:2   | Reached skill level 10 in Fighting
 15583 | Lair:2   | Reached skill level 15 in Unarmed Combat
 15990 | Lair:2   | Received a gift from Okawaru
 15991 | Lair:2   | Got a transparent dire flail {god gift}
 17016 | Lair:3   | Reached skill level 10 in Dodging
 17288 | Lair:3   | Noticed Rupert
 17292 | Lair:3   | Paralysed by Rupert for 4 turns
 17304 | Lair:3   | Killed Rupert
 17304 | Lair:3   | Reached ****** piety under Okawaru
 17304 | Lair:3   | Reached XP level 13. HP: 62/93 MP: 11/13
 18142 | Lair:4   | Found a frozen archway.
 18144 | Lair:4   | Received a gift from Okawaru
 18227 | IceCv    | Entered an ice cave
 18506 | IceCv    | Reached skill level 16 in Unarmed Combat
 18872 | IceCv    | Found an ancient bone altar of Kikubaaqudgha.
 19511 | IceCv    | Identified the Volume of the Glacier and Hexes
 20018 | Lair:4   | Noticed Josephine
 20027 | Lair:4   | Killed Josephine
 21050 | Lair:4   | Found a hole to the Spider Nest.
 21431 | Lair:5   | Received a gift from Okawaru
 21478 | Lair:5   | Noticed Snorg
 21565 | Lair:5   | Learned a level 3 spell: Ozocubu's Armour
 21574 | Lair:5   | Learned a level 8 spell: Controlled Blink
 21719 | Lair:5   | Found a dark tunnel.
 21731 | Volcano  | Entered a volcano
 23013 | Lair:5   | Killed Snorg
 23013 | Lair:5   | Reached skill level 17 in Unarmed Combat
 23383 | Lair:5   | Reached XP level 14. HP: 75/102 MP: 14/14
 24114 | Lair:6   | Received a gift from Okawaru
 24189 | Lair:6   | Reached skill level 1 in Charms
 24189 | Lair:6   | Reached skill level 1 in Ice Magic
 24420 | Lair:6   | Found a staircase to the Shoals.
 24830 | Lair:6   | Received a gift from Okawaru
 26703 | Lair:8   | Entered Level 8 of the Lair of Beasts
 26819 | Lair:8   | Found a staircase to the Slime Pits.
 26820 | Lair:8   | Found a viscous altar of Jiyva.
 26866 | Lair:8   | Received a gift from Okawaru
 26867 | Lair:8   | Reached skill level 18 in Unarmed Combat
 26899 | Lair:8   | Reached XP level 15. HP: 74/109 MP: 15/15
 27015 | Lair:8   | Slain by an elephant

Action                   |  1- 3 |  4- 6 |  7- 9 | 10-12 | 13-15 || total
-------------------------+-------+-------+-------+-------+-------++-------
Melee: Unarmed           |    53 |   116 |   218 |   658 |   883 ||  1928
 Fire: Blowgun           |       |       |       |       |     4 ||     4
 Cast: Ozocubu's Armour  |       |       |       |       |     3 ||     3
Invok: Heroism           |       |     1 |     2 |     8 |    15 ||    26
Evoke: Wand              |       |       |       |       |     4 ||     4
  Use: Scroll            |       |     4 |    10 |    17 |     7 ||    38
       Potion            |       |       |       |     2 |     3 ||     5
 Stab: Sleeping          |    10 |    13 |    12 |    30 |    34 ||    99
       Distracted        |       |     1 |     3 |     2 |     8 ||    14
  Eat: Chunk             |       |     7 |    16 |    29 |    26 ||    78
       Fruit             |       |       |       |     2 |     1 ||     3
       Beef jerky        |       |       |       |       |     4 ||     4
